 Dungeon Crawl Stone Soup version 0.30.0-15-g856e2d3f33 (webtiles) character file.

Game seed: 17832713326551761881

42 CaptainMV the Chucker (level 3, 0/26 HPs)
             Began as a Demonspawn Wanderer on May 18, 2023.
             Was a Plaything of Xom.
             Slain by an orc
             ... wielding a +0 mace
              (6 damage)
             ... on level 3 of the Dungeon.
             The game lasted 00:07:29 (1253 turns).

CaptainMV the Chucker (Demonspawn Wanderer)         Turns: 1253, Time: 00:07:30

Health: 0/26       AC:  3    Str: 13    XL:     3   Next: 35%
Magic:  4/4        EV:  8    Int: 14    God:    Xom [......]
Gold:   71         SH:  0    Dex: 12    Spells: 1/4 levels left

rFire   . . .        a - +1 whip (flame)
rCold   . . .        (no shield)
rNeg    . . .        e - +0 leather armour
rPois   .            (no helmet)
rElec   .            (no cloak)
rCorr   .            (no gloves)
SInv    .            (no boots)
Will    .....        (no amulet)
Stlth   +            (no ring)
HPRegen 0.24/turn    (no ring)
MPRegen 0.18/turn

%: no passive effects
@: mighty, constricted
A: powered by pain 1, magic regeneration
a: Renounce Religion


You were on level 3 of the Dungeon.
You worshipped Xom.
You were a very special plaything of Xom.
You visited 1 branch of the dungeon, and saw 3 of its levels.

You collected 71 gold pieces.

Inventory:

Hand Weapons
 a - a +1 whip of flaming (weapon)
 c - a +0 dagger
 l - a +0 mace
Missiles
 b - 10 boomerangs (quivered)
Armour
 e - a +0 leather armour (worn)
Jewellery
 m - an amulet of reflection
Scrolls
 d - a scroll of blinking
 h - a scroll of magic mapping {unknown}
 i - a scroll of noise {unknown}
 j - a scroll of vulnerability {unknown}
Potions
 f - 2 potions of mutation {unknown}
 g - a potion of magic {unknown}
 k - a potion of resistance {unknown}


   Skills:
 + Level 1.2 Fighting
 + Level 1.6 Maces & Flails
 + Level 3.8 Throwing
 + Level 0.5 Armour
 + Level 0.1 Dodging
 + Level 1.1 Spellcasting
 + Level 0.6 Conjurations
 + Level 3.1 Air Magic


You had one spell level left.
You knew the following spells:

 Your Spells              Type           Power      Damage    Failure   Level
a - Shock                 Conj/Air       20%        1d4       16%         1
b - Static Discharge      Conj/Air       10%        2-3/arc   24%         2

Your spell library contained the following spells:

 Spells                   Type           Power      Damage    Failure   Level
 Swiftness                Air            9%         N/A       28%         3
 Ensorcelled Hibernation  Hex/Ice        0%         N/A       45%         2
 Passwall                 Tmut/Erth      0%         N/A       45%         2
 Summon Lightning Spire   Summ/Air       5%         N/A       86%         4


Dungeon Overview and Level Annotations

Branches:
Dungeon (3/15)

Altars:
Xom


Innate Abilities, Weirdness & Mutations

You sometimes gain a little power by taking damage.
You regenerate magic rapidly.


Message History

The goblin hits you with a +0 dagger.
You closely miss the goblin. The goblin hits you with a +0 dagger.
You closely miss the goblin. The goblin hits you with a +0 dagger.
You hit the goblin. You burn the goblin.
You kill the goblin!
You closely miss the giant cockroach. The giant cockroach barely misses you.
You hit the giant cockroach. You burn the giant cockroach.
The giant cockroach is heavily wounded. "Fight to survive, mortal."
The giant cockroach misses you. x2
You barely miss the giant cockroach.
The giant cockroach is heavily wounded.
The ball python bites you. The ball python grabs you.
The ball python constricts you. The giant cockroach bites you.
You hit the giant cockroach. You burn the giant cockroach.
You kill the giant cockroach!
The ball python closely misses you. The ball python constricts you.
The rat barely misses you.
You hit the orc but do no damage.
The ball python bites you but does no damage.
The ball python constricts you. The orc hits you with a +0 mace.
The rat bites you.
You barely miss the orc. The ball python closely misses you.
The ball python constricts you. The orc hits you with a +0 mace.
The rat closely misses you. The ball python bites you.
The ball python constricts you.
You hit the orc. You burn the orc.
The orc is heavily wounded.
The orc hits you with a +0 mace!
* * * LOW HITPOINT WARNING * * *
You focus on the pain.
You feel very mighty all of a sudden. The ball python barely misses you.
The ball python constricts you. The rat closely misses you.
You barely miss the orc.
The orc is heavily wounded.
The ball python barely misses you. The ball python constricts you.
The orc hits you with a +0 mace.
You die... "This toy is broken."

#.# ##.# ....
..# ### ......
#.#.# #.o.# #.
##@# #.###rS#
####.....#####
.............#
###.########.#
# #.# #.# #.#
#.#


You could see an orc, a ball python (summoned) and a rat (summoned).

Vanquished Creatures
  An adder (D:3)
  A dart slug (D:2)
  3 bats (D:1)
  3 giant cockroaches
  2 hobgoblins
  3 kobolds
  3 quokkas
  3 ball pythons (D:1)
  4 goblins
  7 rats
30 creatures vanquished.

Notes
Turn   | Place    | Note
-------+----------+-------------------------------------------
     0 | D:1      | CaptainMV the Demonspawn Wanderer began the quest for the
                  | Orb.
     0 | D:1      | CaptainMV set off with the following items: a +0 mace, 10
                  | boomerangs, a +0 dagger, a scroll of blinking, a +0 leather
                  | armour; and the following spell memorised: Shock; and the
                  | following spells available to memorise: Static Discharge,
                  | Summon Lightning Spire.
     0 | D:1      | Reached XP level 1. HP: 15/15 MP: 2/2
   301 | D:1      | Gained mutation: You sometimes gain a little power by
                  | taking damage. [demonic ancestry]
   301 | D:1      | Reached XP level 2. HP: 18/21 MP: 3/3
   351 | D:1      | Learned a level 2 spell: Static Discharge
   934 | D:2      | Found a shimmering altar of Xom.
   942 | D:2      | Became a worshipper of Xom of Chaos
  1078 | D:2      | XOM: noise
  1117 | D:2      | Gained mutation: You regenerate magic rapidly. [demonic
                  | ancestry]
  1117 | D:2      | Reached XP level 3. HP: 25/26 MP: 1/4
  1218 | D:3      | XOM: silly message
  1247 | D:3      | XOM: summons 2 hostile shadow creatures
  1253 | D:3      | Slain by an orc

Illustrated notes

Levels and vault maps discovered:
D:1:      dpeg_arrival_subterranean_lakeside_camping, layout_basic,
          minmay_pentomino_u4
D:2:      layout_basic, basic_altar
D:3:      layout_loops_ring, mainiacjoe_overflow_paths, serial_shops, shop

Skill      XL: |  1 |
---------------+----+-----
Air Magic      | 3 |  3.1
Fighting       | |  1.2
Maces & Flails | |  1.6
Throwing       | |  3.8
Armour         | |  0.5
Dodging        | |  0.1
Spellcasting   | |  1.1
Conjurations   | |  0.6

Action                     || total
---------------------------++-------
  Melee: Mace              ||    58
         Whip              ||    39
         Punch             ||     1
   Cast: Shock             ||     9
         Static Discharge  ||     1
 Armour: Leather armour    ||    36
  Dodge: Dodged            ||    76
